 Dungeon Crawl Stone Soup version 0.27-a0-1219-g958d993ae5 (webtiles) character file.

Game seed: 17839902377052352616

29 bande the Shield-Bearer (level 3, 0/23 HPs)
             Began as a Gargoyle Fighter on June 6, 2021.
             Slain by Sigmund
             ... wielding a +3 scythe
              (7 damage)
             ... on level 2 of the Dungeon.
             The game lasted 00:01:31 (912 turns).

bande the Shield-Bearer (Gargoyle Fighter)           Turns: 912, Time: 00:01:32

Health: 0/23       AC: 12    Str: 20    XL:     3   Next: 16%
Magic:  3/3        EV:  5    Int:  8    God:
Gold:   41         SH:  9    Dex:  9    Spells: 2/2 levels left

rFire    . . .     SeeInvis .   a - +0 war axe
rCold    . . .     Faith    .   c - +0 kite shield
rNeg     + . .     Spirit   .   f - +0 chain mail
rPois    ∞         Reflect  .   (no helmet)
rElec    +         Harm     .   (no cloak)
rCorr    .         Rampage  .   (no gloves)
Will     .....                  (no boots)
Stlth    ..........             (no amulet)
HPRegen  0.07/turn              (no ring)
MPRegen  0.08/turn              (no ring)

@: mighty
A: sickness immunity, AC +3, negative energy resistance 1, electricity
resistance, torment resistance 1, petrification resistance
a: no special abilities


You were on level 2 of the Dungeon.
You visited 1 branch of the dungeon, and saw 2 of its levels.

You collected 41 gold pieces.

Inventory:

Hand Weapons
 a - a +0 war axe (weapon)
Armour
 c - a +0 kite shield (worn)
 f - a +0 chain mail (worn)
Scrolls
 b - a scroll of torment {unknown}


   Skills:
 + Level 3.4 Fighting
 + Level 2.3 Axes
 + Level 3.6 Armour
 + Level 0.3 Dodging
 + Level 3.6 Shields


You had 2 spell levels left.
You didn't know any spells.
Your spell library contained the following spells:

 Spells                   Type           Power      Damage    Failure   Level
 Corona                   Hex            0%         N/A       100%        1
 Ensorcelled Hibernation  Hex/Ice        0%         N/A       100%        2
 Confusing Touch          Hex            0%         N/A       100%        3
 Dazzling Flash           Conj/Hex       0%         N/A       100%        3
 Tukima's Dance           Hex            0%         N/A       100%        3


Dungeon Overview and Level Annotations

Branches:
Dungeon (2/15)

Altars:

Annotations:
D:2 Sigmund


Innate Abilities, Weirdness & Mutations

You are immune to sickness and miasma.
Your stone body is resilient. (AC +3)
You are immune to poison.
You resist negative energy. (rN+)
You are resistant to electric shocks. (rElec)
You are resistant to unholy torment.
You are immune to petrification.


Message History

Drop what? 6/52 slots (_ for help) (? for menu, Esc to quit)
You drop a +0 scale mail.
Done exploring.
There is a stone staircase leading down here.
There is a stone staircase leading down here.
You climb downwards.
There is a stone staircase leading up here.
As you read the scroll labelled PUUBLO OWNATTE, it crumbles to dust.
You hear a loud clanging noise!
It was a scroll of noise.
Found 16 stones.
A hobgoblin comes into view.
The hobgoblin shouts!
The hobgoblin hits you but does no damage.
You slash the hobgoblin!
You kill the hobgoblin!
No target in view!
No target in view!
No target in view!
No target in view!
No target in view!
No target in view!
You see here a hobgoblin corpse.
b - a scroll labelled GEIDWE JIYM Sigmund the Dreaded comes into view.
He is wielding a +3 scythe and carrying a wand of flame (19).
You feel very mighty all of a sudden. Sigmund hits you with a +3 scythe!
You slash Sigmund!
Sigmund is moderately wounded.
Sigmund mumbles some strange words.
Sigmund flickers and vanishes!
Deactivating autopickup; reactivate with Ctrl-A.
You hear some strange, mumbled words.
A puff of flame appears from out of thin air!
The puff of flame misses you.
You barely miss something. Something hits you. x2
* * * LOW HITPOINT WARNING * * *
Unknown command.
You slash something! Something hits you!
You die...

# # . ##. .# ###
#. ##.# .# ..#
###..#.{####.# #.#
.......@.....####.
#.#
.##.#.#...........
#.#
..........#.###
#.# ##.#.####.#..
#.# # #. #.#.# #<#
#.##.#..###.#.##
#.#
#.##.##........#
#.#
#.##.##..#####.#
.####.###.##.##..#
#.#


There were no monsters in sight!

Vanquished Creatures
  2 bats (D:1)
  An endoplasm (D:1)
  2 giant cockroaches (D:1)
  6 goblins (D:1)
  3 hobgoblins
  2 jackals (D:1)
  5 ball pythons (D:1)
  2 frilled lizards (D:1)
  2 kobolds (D:1)
  3 rats (D:1)
28 creatures vanquished.

Notes
Turn   | Place    | Note
-------+----------+-------------------------------------------
     0 | D:1      | bande the Gargoyle Fighter began the quest for the Orb.
     0 | D:1      | Reached XP level 1. HP: 14/14 MP: 1/1
   180 | D:1      | Reached XP level 2. HP: 15/19 MP: 2/2
   295 | D:1      | Found a faded altar of an unknown god.
   620 | D:1      | Reached XP level 3. HP: 23/23 MP: 3/3
   906 | D:2      | Noticed Sigmund
   912 | D:2      | Slain by Sigmund

Illustrated notes

Levels and vault maps discovered:
D:1:      amcnicky_arrival_choice, layout_rooms,
          ebering_ecumenical_altar_abandoned
D:2:      layout_loops_ring, minmay_heptomino_d4, uniq_sigmund

Skill      XL: |  1  2 |
---------------+-------+-----
Axes           | 2 |  2.3
Fighting       | |  3.4
Armour         | |  3.6
Dodging        | |  0.3
Shields        | |  3.6

Action                   || total
-------------------------++-------
Melee: War axe           ||    74
  Use: Scroll            ||     3
       Potion            ||     1
Armor: Scale mail        ||    48
       Chain mail        ||     1
Dodge: Dodged            ||    40
Block: Kite shield       ||    57

Table legend: (Time is in decaauts)
 A = Elapsed time spent in this place.
 B = Non-inter-level travel time spent in this place.
 C = Inter-level travel time spent in this place.
 D = Time resting spent in this place.
 E = Time spent auto-exploring this place.
 F = Levels seen in this place.
 G = Mean time per level.
                   A        B        C        D        E       F      G
               +--------+--------+--------+--------+--------+-----+--------+
         Total |    957 |    939 |     18 |      0 |    710 |   2 |  478.5 |
       Dungeon |    957 |    939 |     18 |      0 |    710 |   2 |  478.5 |
               +--------+--------+--------+--------+--------+-----+--------+

Top non-repeatable levels by time:
     D:1: 897 daAuts
     D:2: 60 daAuts
